TOP OF THE 1ST |
Rochester Red Wings batting - Pitching for Scranton WB RailRiders : RHP Devon Wiley
|
Pitching: RHP Devon Wiley
|
|
Batting: RHB Jason Gee
|
0-0: Ball 1-0: Called Strike 1-1: Fly out, F7 (Flyball, 7D, EV 95.0 MPH)
|
Batting: SHB Ian Thompson
|
0-0: Foul Ball, location: 2F 0-1: Swinging Strike 0-2: Strikes out looking
|
Batting: LHB Jon Ventura
|
0-0: Ball 1-0: Called Strike 1-1: Foul Ball, location: 2F 1-2: Strikes out swinging
|
Top of the 1st over - 0 runs, 0 hits, 0 errors, 0 left on base; Rochester 0 - Scranton WB 0 |
BOTTOM OF THE 1ST |
Scranton WB RailRiders batting - Pitching for Rochester Red Wings : RHP Brian Bright
|
Pitching: RHP Brian Bright
|
|
Batting: SHB Jay Gagnon
|
0-0: Swinging Strike 0-1: SINGLE (Groundball, 4M, EV 108.1 MPH) (infield hit)
|
Batting: LHB Aaron Joyner
|
0-0: Called Strike Jay Gagnon steals 2nd base 0-1: Ground out 6-3 (Groundball, 6, EV 107.5 MPH)
|
Batting: SHB Victor Ruiz
|
0-0: Ball 1-0: Ball 2-0: Ball 3-0: Base on Balls
|
Batting: SHB Ryan Buchbinder
|
0-0: Called Strike 0-1: Foul Ball, location: 2F 0-2: Foul Ball, location: 2F 0-2: Ball 1-2: Strikes out swinging
|
Batting: RHB Jerry Castro
|
0-0: Ground out 6-3 (Groundball, P, EV 84.4 MPH)
|
Bottom of the 1st over - 0 runs, 1 hit, 0 errors, 2 left on base; Rochester 0 - Scranton WB 0 |
TOP OF THE 2ND |
Rochester Red Wings batting - Pitching for Scranton WB RailRiders : RHP Devon Wiley
|
Batting: RHB Leo Gonzalez
|
0-0: Ball 1-0: Called Strike 1-1: Ball 2-1: Ball 3-1: TRIPLE (Flyball, 89XD, EV 105.0 MPH)
|
Batting: RHB Colin Boddy
|
0-0: Ball 1-0: Ball 2-0: SINGLE (Groundball, 6MD, EV 96.9 MPH) Leo Gonzalez scores
|
Batting: RHB Josh Harmon
|
0-0: Hit by Pitch Colin Boddy to second
|
Pinch Runner at 1st Chaim Huting:
|
|
Batting: RHB Ryan Gautney
|
0-0: Ball 1-0: Called Strike 1-1: Ball 2-1: Foul Ball, location: 2F 2-2: Ball 3-2: Ground out 5-3 (Groundball, 56S, EV 70.6 MPH) Colin Boddy to third Chaim Huting to second
|
Batting: LHB Tyler Allen
|
0-0: Ground out 4-3 (Groundball, 4, EV 102.5 MPH) Colin Boddy scores Chaim Huting to third
|
Batting: RHB Pedro Pinero
|
0-0: Swinging Strike 0-1: Ground out 6-3 (Groundball, 6, EV 80.0 MPH)
|
Top of the 2nd over - 2 runs, 2 hits, 0 errors, 1 left on base; Rochester 2 - Scranton WB 0 |
BOTTOM OF THE 2ND |
Scranton WB RailRiders batting - Pitching for Rochester Red Wings : RHP Brian Bright
|
Batting: RHB Mike Gifford
|
0-0: SINGLE (Flyball, 56D, EV 95.0 MPH)
|
Batting: SHB Jose Vargas
|
0-0: Swinging Strike 0-1: Ball 1-1: Ball 2-1: Called Strike 2-2: Foul Ball, location: 2F 2-2: Fly out, F8 (Flyball, 89D, EV 101.2 MPH)
|
Batting: RHB Josh Zoglmann
|
0-0: Ground out 4-3 (Groundball, 34S, EV 79.4 MPH) Mike Gifford to second
|
Batting: RHB Mike Plugge
|
0-0: Ball 1-0: Called Strike 1-1: Ball 2-1: Fly out, F4 (Line Drive, 4, EV 69.4 MPH)
|
Bottom of the 2nd over - 0 runs, 1 hit, 0 errors, 1 left on base; Rochester 2 - Scranton WB 0 |
TOP OF THE 3RD |
Rochester Red Wings batting - Pitching for Scranton WB RailRiders : RHP Devon Wiley
|
Batting: RHB Jason Gee
|
0-0: Foul Ball, location: 2F 0-1: Foul Ball, location: 2F 0-2: Ground out 6-3 (Groundball, 56, EV 105.6 MPH)
|
Batting: SHB Ian Thompson
|
0-0: Swinging Strike 0-1: Ball 1-1: Swinging Strike 1-2: Strikes out looking
|
Batting: LHB Jon Ventura
|
0-0: Ball 1-0: Ball 2-0: Ball 3-0: Base on Balls
|
Batting: RHB Leo Gonzalez
|
0-0: Called Strike Jon Ventura steals 2nd base 0-1: Ball 1-1: Ball 2-1: Fly out, F8 (Flyball, 8LD, EV 98.8 MPH)
|
Top of the 3rd over - 0 runs, 0 hits, 0 errors, 1 left on base; Rochester 2 - Scranton WB 0 |
BOTTOM OF THE 3RD |
Scranton WB RailRiders batting - Pitching for Rochester Red Wings : RHP Brian Bright
|
Batting: SHB Jay Gagnon
|
0-0: Ball 1-0: Ball 2-0: Foul Ball, location: 2F 2-1: Foul Ball, location: 2F 2-2: Ball 3-2: Base on Balls
|
Batting: LHB Aaron Joyner
|
0-0: Ball Jay Gagnon steals 2nd base (no throw) 1-0: Fly out, F7 (Flyball, 78D, EV 105.6 MPH)
|
Batting: SHB Victor Ruiz
|
0-0: Called Strike 0-1: Ball 1-1: Swinging Strike 1-2: Ball 2-2: Fly out, F7 (Line Drive, 78M, EV 85.6 MPH)
|
Batting: SHB Ryan Buchbinder
|
0-0: Ball 1-0: Ball 2-0: Ball 3-0: Called Strike 3-1: Base on Balls
|
Batting: RHB Jerry Castro
|
0-0: Called Strike 0-1: Ball 1-1: Foul Ball, location: 2F 1-2: Ball 2-2: Ground out 5-3 (Groundball, 56S, EV 77.5 MPH)
|
Bottom of the 3rd over - 0 runs, 0 hits, 0 errors, 2 left on base; Rochester 2 - Scranton WB 0 |
TOP OF THE 4TH |
Rochester Red Wings batting - Pitching for Scranton WB RailRiders : RHP Devon Wiley
|
Batting: RHB Colin Boddy
|
0-0: Swinging Strike 0-1: Ball 1-1: Foul Ball, location: 2F 1-2: Foul Ball, location: 2F 1-2: Strikes out swinging
|
Batting: LHB Chaim Huting
|
0-0: Called Strike 0-1: Ball 1-1: Ball 2-1: SINGLE (Groundball, 4D, EV 94.4 MPH)
|
Batting: RHB Ryan Gautney
|
0-0: Ball 1-0: Fly out, F4 (Popup, 3, EV 64.4 MPH)
|
Batting: LHB Tyler Allen
|
0-0: Called Strike 0-1: Ball 1-1: Called Strike 1-2: Ball 2-2: Foul Ball, location: 2F 2-2: Ground out U3 (Groundball, 3, EV 78.1 MPH)
|
Top of the 4th over - 0 runs, 1 hit, 0 errors, 1 left on base; Rochester 2 - Scranton WB 0 |
BOTTOM OF THE 4TH |
Scranton WB RailRiders batting - Pitching for Rochester Red Wings : RHP Brian Bright
|
Batting: RHB Mike Gifford
|
0-0: Called Strike 0-1: Called Strike 0-2: Ground out U3 (Groundball, 34, EV 85.0 MPH)
|
Batting: SHB Jose Vargas
|
0-0: Ball 1-0: Called Strike 1-1: Ball 2-1: Ball 3-1: Foul Ball, location: 2F 3-2: Strikes out swinging
|
Batting: RHB Josh Zoglmann
|
0-0: Called Strike 0-1: Swinging Strike 0-2: Ball 1-2: Strikes out swinging
|
Bottom of the 4th over - 0 runs, 0 hits, 0 errors, 0 left on base; Rochester 2 - Scranton WB 0 |
TOP OF THE 5TH |
Rochester Red Wings batting - Pitching for Scranton WB RailRiders : RHP Devon Wiley
|
Batting: RHB Pedro Pinero
|
0-0: Ball 1-0: Ball 2-0: Swinging Strike 2-1: Called Strike 2-2: Ball 3-2: Foul Ball, location: 2F 3-2: Ground out 4-3 (Groundball, 4, EV 107.5 MPH)
|
Batting: RHB Jason Gee
|
0-0: Ball 1-0: Called Strike 1-1: Ball 2-1: Foul Ball, location: 2F 2-2: Ground out 6-3 (Groundball, 6, EV 89.4 MPH)
|
Batting: SHB Ian Thompson
|
0-0: Ball 1-0: Ball 2-0: Swinging Strike 2-1: Foul Ball, location: 2F 2-2: Foul Ball, location: 2F 2-2: Ball 3-2: Foul Ball, location: 2F 3-2: Fly out, F9 (Flyball, 89M, EV 86.9 MPH)
|
Top of the 5th over - 0 runs, 0 hits, 0 errors, 0 left on base; Rochester 2 - Scranton WB 0 |
BOTTOM OF THE 5TH |
Scranton WB RailRiders batting - Pitching for Rochester Red Wings : RHP Brian Bright
|
Batting: RHB Mike Plugge
|
0-0: Called Strike 0-1: Swinging Strike 0-2: Ball 1-2: Ball 2-2: Ball 3-2: Foul Ball, location: 2F 3-2: Strikes out swinging
|
Batting: SHB Jay Gagnon
|
0-0: Foul Ball, location: 2F 0-1: Ball 1-1: Ball 2-1: SINGLE (Groundball, 4MD, EV 100.6 MPH)
|
Batting: LHB Aaron Joyner
|
0-0: Ball 1-0: Ball 2-0: Fielders Choice at 2nd, 4-6 (Groundball, 4M, EV 78.1 MPH)
|
Batting: SHB Victor Ruiz
|
0-0: Called Strike 0-1: Swinging Strike 0-2: Ball 1-2: Fly out, F6 (Popup, 6M, EV 52.5 MPH)
|
Bottom of the 5th over - 0 runs, 1 hit, 0 errors, 1 left on base; Rochester 2 - Scranton WB 0 |
TOP OF THE 6TH |
Rochester Red Wings batting - Pitching for Scranton WB RailRiders : RHP Devon Wiley
|
Batting: LHB Jon Ventura
|
0-0: Called Strike 0-1: Ball 1-1: Ball 2-1: Swinging Strike 2-2: Foul Ball, location: 2F 2-2: Strikes out swinging
|
Batting: RHB Leo Gonzalez
|
0-0: Ball 1-0: Ball 2-0: Foul Ball, location: 2F 2-1: Fly out, F8 (Flyball, 8LM, EV 92.5 MPH)
|
Batting: RHB Colin Boddy
|
0-0: Ball 1-0: Foul Ball, location: 2F 1-1: Swinging Strike 1-2: Foul Ball, location: 2F 1-2: SINGLE (Groundball, P, EV 84.4 MPH) (infield hit)
|
Pitching: RHP Johnny Marquez
|
|
Batting: LHB Chaim Huting
|
0-0: Ball 1-0: Ball 2-0: Ball 3-0: Called Strike 3-1: Foul Ball, location: 2F 3-2: Base on Balls Colin Boddy to second
|
Batting: RHB Ryan Gautney
|
0-0: Called Strike 0-1: Fielders Choice at 2nd, 5-4 (Groundball, 56, EV 105.6 MPH)
|
Top of the 6th over - 0 runs, 1 hit, 0 errors, 2 left on base; Rochester 2 - Scranton WB 0 |
BOTTOM OF THE 6TH |
Scranton WB RailRiders batting - Pitching for Rochester Red Wings : RHP Brian Bright
|
Batting: SHB Ryan Buchbinder
|
0-0: Ball 1-0: Ball 2-0: Foul Ball, location: 2F 2-1: Fly out, F7 (Line Drive, 7S, EV 106.2 MPH)
|
Batting: RHB Jerry Castro
|
0-0: Ball 1-0: Foul Ball, location: 2F 1-1: Ball 2-1: Ball 3-1: Foul Ball, location: 2F 3-2: Foul Ball, location: 2F 3-2: Fly out, F8 (Flyball, 89S, EV 81.2 MPH)
|
Batting: RHB Mike Gifford
|
0-0: Foul Ball, location: 2F 0-1: Foul Ball, location: 2F 0-2: Strikes out looking
|
Bottom of the 6th over - 0 runs, 0 hits, 0 errors, 0 left on base; Rochester 2 - Scranton WB 0 |
TOP OF THE 7TH |
Rochester Red Wings batting - Pitching for Scranton WB RailRiders : RHP Johnny Marquez
|
Batting: LHB Tyler Allen
|
0-0: Called Strike 0-1: Ball 1-1: Ground out 1-3 (Groundball, 34S, EV 66.9 MPH)
|
Batting: RHB Pedro Pinero
|
0-0: Called Strike 0-1: Ball 1-1: Ball 2-1: SINGLE (Groundball, 3D, EV 98.1 MPH)
|
Batting: RHB Jason Gee
|
0-0: Ball Pedro Pinero steals 2nd, throwing error, E2 Pedro Pinero to third 1-0: Swinging Strike 1-1: Swinging Strike 1-2: Ball 2-2: Ball 3-2: Strikes out looking
|
Batting: SHB Ian Thompson
|
0-0: Called Strike 0-1: Called Strike 0-2: Ball 1-2: Strikes out swinging
|
Top of the 7th over - 0 runs, 1 hit, 1 error, 1 left on base; Rochester 2 - Scranton WB 0 |
BOTTOM OF THE 7TH |
Scranton WB RailRiders batting - Pitching for Rochester Red Wings : RHP Brian Bright
|
Batting: SHB Jose Vargas
|
0-0: Foul Ball, location: 2F 0-1: Fly out, F8 (Flyball, 8RM, EV 83.8 MPH)
|
Batting: RHB Josh Zoglmann
|
0-0: Ball 1-0: Ball 2-0: Foul Ball, location: 2F 2-1: Foul Ball, location: 2F 2-2: Strikes out looking
|
Batting: RHB Mike Plugge
|
0-0: Called Strike 0-1: Ball 1-1: Ball 2-1: Ball 3-1: Called Strike 3-2: Base on Balls
|
Batting: SHB Jay Gagnon
|
0-0: Called Strike 0-1: Ball 1-1: Called Strike 1-2: SINGLE (Groundball, 4MS, EV 68.1 MPH) (infield hit) Mike Plugge to second
|
Batting: LHB Aaron Joyner
|
0-0: Ball 1-0: Called Strike 1-1: Ball 2-1: Swinging Strike 2-2: Strikes out swinging
|
Bottom of the 7th over - 0 runs, 1 hit, 0 errors, 2 left on base; Rochester 2 - Scranton WB 0 |
TOP OF THE 8TH |
Rochester Red Wings batting - Pitching for Scranton WB RailRiders : RHP Johnny Marquez
|
Batting: LHB Jon Ventura
|
0-0: Ball 1-0: Ground out 5-3 (Groundball, 5, EV 80.6 MPH)
|
Batting: RHB Leo Gonzalez
|
0-0: Ball 1-0: Foul Ball, location: 2F 1-1: SINGLE (Groundball, 56D, EV 98.1 MPH)
|
Batting: RHB Colin Boddy
|
0-0: Foul Ball, location: 2F 0-1: Foul Ball, location: 2F 0-2: Strikes out looking
|
Batting: LHB Chaim Huting
|
0-0: Ball 1-0: Foul Ball, location: 2F 1-1: Ball 2-1: Ground out 4-3 (Groundball, 4, EV 110.0 MPH)
|
Top of the 8th over - 0 runs, 1 hit, 0 errors, 1 left on base; Rochester 2 - Scranton WB 0 |
BOTTOM OF THE 8TH |
Scranton WB RailRiders batting - Pitching for Rochester Red Wings : RHP Brian Bright
|
Pitching: LHP Brian Walters
|
|
Batting: SHB Victor Ruiz
|
0-0: Ball 1-0: Ball 2-0: Foul Ball, location: 2F 2-1: Foul Ball, location: 2F 2-2: Strikes out swinging
|
Batting: SHB Ryan Buchbinder
|
0-0: Ball 1-0: Swinging Strike 1-1: Ball 2-1: Fly out, F8 (Flyball, 8LM, EV 86.2 MPH)
|
Batting: RHB Jerry Castro
|
0-0: Ground out 6-3 (Groundball, 6, EV 99.4 MPH)
|
Bottom of the 8th over - 0 runs, 0 hits, 0 errors, 0 left on base; Rochester 2 - Scranton WB 0 |
TOP OF THE 9TH |
Rochester Red Wings batting - Pitching for Scranton WB RailRiders : RHP Johnny Marquez
|
Pitching: RHP Ricky Mercer
|
|
Batting: RHB Ryan Gautney
|
0-0: Ball 1-0: Called Strike 1-1: Ball 2-1: Ball 3-1: Swinging Strike 3-2: Foul Ball, location: 2F 3-2: Foul Ball, location: 2F 3-2: Base on Balls
|
Batting: LHB Tyler Allen
|
0-0: Bunted foul 0-1: Bunt missed! 0-2: Ball 1-2: Fielders Choice at 2nd, 6-4 (Groundball, 6MS, EV 86.9 MPH)
|
Batting: RHB Pedro Pinero
|
0-0: Ball 1-0: Foul Ball, location: 2F 1-1: Foul Ball, location: 2F 1-2: Fly out, F7 (Flyball, 7, EV 86.2 MPH)
|
Batting: RHB Jason Gee
|
0-0: Ball 1-0: Ball 2-0: Foul Ball, location: 2F 2-1: Ball 3-1: Called Strike Tyler Allen is caught stealing 2nd base 2-4
|
Top of the 9th over - 0 runs, 0 hits, 0 errors, 0 left on base; Rochester 2 - Scranton WB 0 |
BOTTOM OF THE 9TH |
Scranton WB RailRiders batting - Pitching for Rochester Red Wings : LHP Brian Walters
|
Pitching: RHP Matt Springer
|
|
Batting: RHB Mike Gifford
|
0-0: Foul Ball, location: 2F 0-1: Ball 1-1: Ball 2-1: Foul Ball, location: 2F 2-2: Ball 3-2: Base on Balls
|
Batting: SHB Jose Vargas
|
0-0: Ground out 5-3 (Groundball, 5S, EV 74.4 MPH) Mike Gifford to second
|
Pinch Hitting: RHB Devon Utley
|
0-0: Foul Ball, location: 2F 0-1: Ball 1-1: Swinging Strike 1-2: Foul Ball, location: 2F 1-2: Ball 2-2: Strikes out looking
|
Pinch Hitting: LHB Jose Lebron
|
0-0: Ball 1-0: Foul Ball, location: 2F 1-1: Ball 2-1: Ball 3-1: Foul Ball, location: 2F 3-2: Strikes out looking
|
Bottom of the 9th over - 0 runs, 0 hits, 0 errors, 1 left on base; Rochester 2 - Scranton WB 0 |
|